 Dungeon Crawl Stone Soup version 0.31.0-12-g77e489cdc1 (webtiles) character file.

Game seed: 14534049739401325388

9485 112233 the Destroyer (level 11, -1/64 HPs)
             Began as a Tengu Conjurer on Feb 13, 2024.
             Was a High Priest of Vehumet.
             Incinerated by a deep elf pyromancer (11 damage)
             ... with a pyre arrow
             ... on level 2 of the Orcish Mines.
             The game lasted 00:12:44 (13386 turns).

112233 the Destroyer (Tengu Conjurer)              Turns: 13386, Time: 00:12:44

Health: -1/64      AC:  4    Str:  8    XL:     11   Next: 47%
Magic:  16/26      EV: 19    Int: 22    God:    Vehumet [*****.]
Gold:   322        SH:  0    Dex: 13    Spells: 19/31 levels left

rFire   . . .        o - +0 quarterstaff
rCold   . . .        (shield currently unavailable)
rNeg    + . .        H - +1 robe {rN+}
rPois   +            (helmet restricted)
rElec   .            (no cloak)
rCorr   .            G - +0 pair of gloves
SInv    .            (boots unavailable)
Will    .....        d - amulet of faith
Stlth   +            w - ring of wizardry
HPRegen 0.30/turn    y - ring of poison resistance
MPRegen 0.20/turn

%: acrobat, faith, wizardry (x1)
@: on fire, marked, flying, glowing
A: beak, talons 3, evasive flight, acrobatic
a: Renounce Religion


You were on level 2 of the Orcish Mines.
You worshipped Vehumet.
Vehumet was extremely pleased with you.
You visited 2 branches of the dungeon, and saw 12 of its levels.
You also visited: Ossuary.

You collected 562 gold pieces.
You spent 240 gold pieces at shops.

Inventory:

Hand Weapons
 h - a +2 antimagic short sword
 o - a +0 quarterstaff (weapon)
Missiles
 l - 4 datura-tipped darts
Armour
 a - a +0 robe
 G - a +0 pair of gloves (worn)
 H - a +1 robe of positive energy (worn)
Magical Staves
 n - a staff of alchemy
 x - a staff of earth
Jewellery
 d - an amulet of faith (around neck)
 w - a ring of wizardry (left hand)
 y - a ring of poison resistance (right hand)
 M - a +6 ring of intelligence
Talismans
 C - a serpent talisman
Wands
 B - a wand of paralysis (9)
 E - a wand of acid (5)
 K - a wand of roots (6)
Scrolls
 c - 3 scrolls of poison {unknown}
 e - a scroll of acquirement {unknown}
 g - 4 scrolls of teleportation {unknown}
 j - 3 scrolls of fear
 k - 2 scrolls of fog
 m - 13 scrolls of identify
 p - 3 scrolls of enchant armour
 r - 3 scrolls of blinking {unknown}
 t - a scroll of revelation {unknown}
 D - 2 scrolls of silence {unknown}
 J - a scroll of brand weapon {unknown}
 L - a scroll of noise {unknown}
Potions
 b - a potion of ambrosia {unknown}
 f - a potion of heal wounds {unknown}
 q - a potion of invisibility {unknown}
 s - a potion of cancellation {unknown}
 u - 3 potions of enlightenment
 z - a potion of berserk rage {unknown}
 A - a potion of brilliance
 F - a potion of attraction {unknown}
 I - a potion of might {unknown}
 N - a potion of magic


   Skills:
 + Level 5.9 Fighting
 + Level 5.5 Staves
 + Level 7.4 Dodging
 - Level 2.0 Stealth
 * Level 10.9 Spellcasting
 + Level 12.0 Conjurations
 + Level 1.1 Air Magic


You had 19 spell levels left.
You knew the following spells:

 Your Spells              Type           Power      Damage    Failure   Level
a - Magic Dart            Conj           100%       1d8       1%          1
b - Searing Ray           Conj           100%       2d8       1%          2
c - Iskenderun's Mystic   Conj/Tloc      38%        2d9       1%          4
d - Freezing Cloud        Conj/Ice/Air   15%        6-21      3%          5

Your spell library contained the following spells:

 Spells                   Type           Power      Damage    Failure   Level
 Yara's Violent Unravell  Hex/Alch       6%         3d5       14%         5
 Scorch                   Fire           24%        2d6       1%          2
 Flame Wave               Conj/Fire      38%        2d10      1%          4
 Fulminant Prism          Conj/Alch      19%        3d10      1%          4
 Necrotise                Necr           48%        1d6       2%          1
 Cigotuvi's Dreadful Rot  Necr/Alch/Air  26%        N/A       2%          2
 Ignite Poison            Fire/Alch      12%        N/A       6%          4
 Vampiric Draining        Necr           12%        2d6       7%          3
 Martyr's Knell           Necr/Summ      12%        N/A       22%         4
 Curse of Agony           Necr           12%        N/A       50%         5
 Summon Cactus Giant      Summ           6%         N/A       96%         6


Dungeon Overview and Level Annotations

Branches:
Dungeon (10/15)            Temple (0/1) D:5             Orc (2/2) D:10
Ossuary (visited)
   Lair: D:8-11         Elf: Orc:2

Altars:
Ashenzari
Fedhas
Gozag
Kikubaaqudgha
Makhleb
Nemelex Xobeh
Sif Muna
Trog
Vehumet
Wu Jian

Shops:
D:4 ?=[[:   D:6 (   D:7 :   D:10 (

Annotations:
D:10 2 transporters, Democracy123's ghost, amateur FoFi


Innate Abilities, Weirdness & Mutations

You have a beak for a mouth.
You have claws for feet.
Your magical flight helps you evade attacks. (EV +4)
You can magically evade attacks while moving or waiting.


Message History

You kill your butterfly!
Your butterfly disappears in a burst of colours!
The orc warrior is engulfed in freezing vapours.
The deep elf pyromancer mumbles some strange words.
The deep elf zephyrmancer casts a spell.
The deep elf zephyrmancer blinks!
A deep elf zephyrmancer comes into view.
It is wielding a +0 long sword.
The deep elf zephyrmancer is engulfed in freezing vapours.
Unknown command.
As you read the scroll of butterflies, it crumbles to dust.
You hear the flapping of tiny wings.
Your butterfly is knocked back by the sudden gust.
The orc is knocked back by the sudden gust.
The orc knight is knocked back by the sudden gust.
The orc warrior is knocked back by the sudden gust. x2
The liquid fire burns you!
* * * LOW HITPOINT WARNING * * *
Your butterfly is engulfed in freezing vapours.
You kill your butterfly!
Your butterfly disappears in a burst of colours!
The orc barely misses your butterfly.
An orc comes into view. It is wielding a +0 hand axe.
An orc comes into view. It is wielding a +0 flail.
The orc wizard misses your butterfly. The orc barely misses your butterfly.
An orc priest comes into view. It is wielding a +0 dagger.
The orc closely misses your butterfly.
The deep elf zephyrmancer misses your butterfly.
The deep elf zephyrmancer is engulfed in freezing vapours.
The deep elf zephyrmancer gestures wildly while chanting.
The deep elf zephyrmancer blinks!
The deep elf zephyrmancer casts a spell.
The deep elf zephyrmancer blinks!
The deep elf zephyrmancer is engulfed in freezing vapours.
Unknown command.
Unknown command.
Unknown command.
Unknown command.
You feel better. The liquid fire burns you!
You die...

#.......... .
##b..bo..#.# ..
#..b$bb.)...
.§e##bbb..boo..


.ooo§.b...ooo .§☼§ebb.bbb# .$§§bbbobb{# ..b○obb@bb# e☼e.ebbbb## ..○E°bbbbb#
...eOeooo## .§eobbbo.. ..o.^bbbbb# ........... .o.#........ You could see an orc
knight (ally target), 3 deep elf pyromancers, 5 deep elf zephyrmancers, a fire
elemental (summoned), 4 orc warriors, an ogre, an orc priest, an orc wizard
(strong, ally target) and 11 orcs.

Vanquished Creatures
  A two-headed ogre (D:10)
  Jeremiah (D:9)
  A kobold demonologist (D:8)
  3 trolls
  A wyvern (D:9)
  A wraith (D:10)
  10 yaks
  4 vampire mosquitoes (D:10)
  A water moccasin (D:7)
  6 orc warriors
  3 sky beasts
  A black bear (D:7)
  2 ice beasts
  4 centaurs
  3 ogres
  3 bullfrogs
  5 elf zombies (Ossuary)
  2 kobold brigands
  3 scorpions
  7 wights
  17 killer bees
  3 howler monkeys (D:9)
  4 bombardier beetles
  2 human zombies (Ossuary)
  5 jellies
  8 hounds
  8 orc priests
  A gnoll bouda (D:10)
  A spectral scorpion (Ossuary)
  4 iguanas
  10 orc wizards
  2 crocodile zombies (Ossuary)
  6 spectral hounds (Ossuary)
  3 mummies (Ossuary)
  4 gnolls (D:10)
  7 adders
  3 hound simulacra (Ossuary)
  A shadow imp (D:7)
  A white imp (D:5)
  A spectral adder (Ossuary)
  2 spectral gnolls (Ossuary)
  A ribbon worm (D:5)
  38 orcs
  7 ball pythons
  6 endoplasms
  2 giant cockroaches
  5 gnoll zombies (Ossuary)
  8 goblins
  6 hobgoblins
  6 jackals
  2 quokkas (D:4)
  A frilled lizard (D:1)
  5 gnoll simulacra (Ossuary)
  A jackal simulacrum (Ossuary)
  16 kobolds
  3 kobold zombies (Ossuary)
  8 orc zombies (Ossuary)
  A quokka zombie (D:4)
  3 rats
  A rat zombie (D:4)
  A spectral jackal (Ossuary)
276 creatures vanquished.

Notes
Turn   | Place    | Note
-------+----------+-------------------------------------------
     0 | D:1      | 112233 the Tengu Conjurer began the quest for the Orb.
     0 | D:1      | Reached XP level 1. HP: 10/10 MP: 4/4
   377 | D:1      | Reached XP level 2. HP: 15/15 MP: 4/6
  1403 | D:2      | Reached XP level 3. HP: 19/19 MP: 0/8
  1904 | D:2      | Learned a level 2 spell: Searing Ray
  2258 | D:3      | Found a sparkling altar of Nemelex Xobeh.
  2273 | D:3      | Found an ornate altar of the Wu Jian Council.
  2278 | D:3      | Reached skill level 6 in Conjurations
  2811 | D:3      | Found a radiant altar of Vehumet.
  2927 | D:3      | Became a worshipper of Vehumet
  3002 | D:4      | Found a sand-covered staircase.
  3041 | Ossuary  | Entered an ossuary
  3271 | Ossuary  | Reached XP level 4. HP: 24/24 MP: 6/9
  3548 | Ossuary  | Reached XP level 5. HP: 24/28 MP: 0/11
  3658 | Ossuary  | Reached skill level 7 in Conjurations
  3658 | Ossuary  | Reached XP level 6. HP: 15/32 MP: 0/14
  3766 | Ossuary  | Reached * piety under Vehumet
  3766 | Ossuary  | Offered knowledge of Freeze by Vehumet.
  3777 | Ossuary  | Reached skill level 5 in Spellcasting
  4111 | Ossuary  | Gained mutation: Your magical flight helps you evade
                  | attacks. (EV +4) [Tengu growth]
  4111 | Ossuary  | Reached XP level 7. HP: 30/36 MP: 0/16
  4229 | Ossuary  | Reached skill level 8 in Conjurations
  4934 | D:4      | Found Alebecog's Book Boutique.
  5006 | D:4      | Found a burning altar of Makhleb.
  5006 | D:4      | Noticed a balrug
  5147 | D:4      | Reached ** piety under Vehumet
  5147 | D:4      | Offered knowledge of Foxfire by Vehumet.
  5247 | D:4      | Found Asen's Armour Boutique.
  5264 | D:4      | Found an ancient bone altar of Kikubaaqudgha.
  5266 | D:4      | Found an opulent altar of Gozag.
  5393 | D:4      | Reached XP level 8. HP: 41/41 MP: 16/19
  5415 | D:4      | Found a blossoming altar of Fedhas.
  5422 | D:4      | Found Hoitem's Magic Scroll Boutique.
  5425 | D:4      | Bought a scroll of identify for 24 gold pieces
  5425 | D:4      | Bought 3 scrolls of identify for 72 gold pieces
  5425 | D:4      | Bought a scroll of butterflies for 48 gold pieces
  5425 | D:4      | Bought a scroll of fear for 48 gold pieces
  5425 | D:4      | Bought a scroll of fog for 48 gold pieces
  5426 | D:4      | Found Weoxiur's Jewellery Boutique.
  5541 | D:4      | Learned a level 4 spell: Iskenderun's Mystic Blast
  5547 | D:4      | Learned a level 5 spell: Freezing Cloud
  5703 | D:4      | Found Peoral's Armour Emporium.
  5870 | D:5      | Entered Level 5 of the Dungeon
  6112 | D:5      | Reached skill level 9 in Conjurations
  6162 | D:5      | Found a shimmering blue altar of Sif Muna.
  6462 | D:5      | Found a staircase to the Ecumenical Temple.
  6554 | D:5      | Offered knowledge of Scorch by Vehumet.
  6680 | D:5      | Found a broken altar of Ashenzari.
  7188 | D:6      | Found Nuoshu's Antique Weapon Shoppe.
  7376 | D:6      | Noticed a yak
  7376 | D:6      | Noticed a yak
  7376 | D:6      | Noticed a yak
  7577 | D:6      | Reached skill level 1 in Fighting
  7735 | D:6      | Reached XP level 9. HP: 45/47 MP: 15/22
  7795 | D:6      | Reached *** piety under Vehumet
  7806 | D:6      | Reached skill level 10 in Conjurations
  8042 | D:6      | Reached skill level 5 in Dodging
  8342 | D:6      | Reached skill level 1 in Staves
  8615 | D:7      | Offered knowledge of Flame Wave by Vehumet.
  9176 | D:7      | Reached XP level 10. HP: 56/56 MP: 18/24
  9384 | D:7      | Found Pewoodadgh's Tiny Tomes.
  9887 | D:8      | Noticed a kobold demonologist
  9893 | D:8      | Killed a kobold demonologist
  9987 | D:8      | Reached **** piety under Vehumet
 10059 | D:8      | Reached skill level 11 in Conjurations
 10071 | D:8      | Offered knowledge of Iskenderun's Battlesphere by Vehumet.
 10405 | D:8      | Found a bloodstained altar of Trog.
 11092 | D:9      | Reached skill level 10 in Spellcasting
 11125 | D:9      | Noticed Jeremiah
 11132 | D:9      | Killed Jeremiah
 11306 | D:9      | Reached skill level 5 in Fighting
 11620 | D:9      | Reached XP level 11. HP: 63/63 MP: 7/26
 12115 | D:10     | Entered Level 10 of the Dungeon
 12416 | D:10     | Reached skill level 5 in Staves
 12536 | D:10     | Found Qailefya's Weapon Shop.
 12536 | D:10     | Noticed a two-headed ogre
 12540 | D:10     | Reached ***** piety under Vehumet
 12540 | D:10     | Offered knowledge of Yara's Violent Unravelling by Vehumet.
 12550 | D:10     | Killed a two-headed ogre
 12845 | D:10     | Found a transporter.
 12884 | D:10     | Reached skill level 12 in Conjurations
 12999 | D:10     | Found a staircase to the Orcish Mines.
 13048 | D:10     | Noticed a moth of wrath
 13049 | D:10     | Found a transporter.
 13051 | D:10     | Noticed Democracy123's ghost (amateur FoFi)
 13114 | Orc:1    | Entered Level 1 of the Orcish Mines
 13284 | Orc:1    | Reached skill level 1 in Air Magic
 13373 | Orc:2    | Entered Level 2 of the Orcish Mines
 13374 | Orc:2    | Noticed an orc knight
 13379 | Orc:2    | Noticed a deep elf zephyrmancer
 13379 | Orc:2    | Noticed a deep elf zephyrmancer
 13380 | Orc:2    | Noticed a deep elf pyromancer
 13380 | Orc:2    | Noticed a deep elf zephyrmancer
 13381 | Orc:2    | Noticed a deep elf zephyrmancer
 13381 | Orc:2    | Noticed a deep elf pyromancer
 13383 | Orc:2    | Noticed a deep elf pyromancer
 13383 | Orc:2    | Noticed a deep elf zephyrmancer
 13384 | Orc:2    | Noticed a deep elf zephyrmancer
 13385 | Orc:2    | HP: 1/64 [burnt (9)]
 13386 | Orc:2    | Incinerated by a deep elf pyromancer

Illustrated notes

Levels and vault maps discovered:
D:1:      minmay_arrival_three_doors, layout_loops_corners
D:2:      layout_loops_ring, minmay_split_cup_large
D:3:      layout_loops_corners, lemuel_coloured_pillars_altar,
          chequers_temple_overflow_statue_of_worship
D:4:      layout_gridville, fedhas_altar_1, makhleb_altar_promises_db,
          mainiacjoe_overflow_catwalk_spiral, enter_ossuary_4, serial_shops,
          shop, nicolae_shop_statue_plus, kennysheep_mini_moat, shop,
          nicolae_shop_behind_doors, hex_medium
D:5:      layout_loops_ring, kennysheep_mini, cheibrodos_ashenzari_chains,
          minmay_temple_entry_grid, minmay_misc_feat_more_columns
D:6:      layout_basic, serial_shops, nicolae_stop_n_shop_1
D:7:      layout_basic, nicolae_shop_i_like_small_books_too
D:8:      layout_rooms, trog_butcher_becter, dreamdust_princess_bridge
D:9:      layout_irregular_city, chequers_serial_rivers_marsh, uniq_jeremiah
D:10:     layout_rooms, orc_0_dummy, gammafunk_ghost_berserking_beasts,
          minmay_misc_feat_roman, kennysheep_windowed_goal
Orc:1:    layout_diamond_mine, serial_shops, nicolae_shop_window_shopping,
          uniq_nergalle
Orc:2:    st_orc_open, layout_diamond_mine, elves_outpost_lemuel

Skill      XL: |  1  2  3  4  5  6  7  8  9 10 11 |
---------------+----------------------------------+-----
Conjurations   | 6 7 8 9 10 11 12 | 12.0
Spellcasting   | 3 4 5 6 8 9 10 | 10.9
Dodging        | 4 5 6 7 |  7.4
Fighting       | 1 3 5 |  5.9
Staves         | 2 4 5 |  5.5
Air Magic      | 1 |  1.1
Stealth        | |  2.0

Action                     |  1- 3 |  4- 6 |  7- 9 | 10-12 || total
---------------------------+-------+-------+-------+-------++-------
  Melee: Unarmed           |    11 |       |       |       ||    11
         Kick              |     4 |     7 |     4 |     5 ||    20
         Peck              |     2 |     6 |     3 |     1 ||    12
         Quarterstaff      |     2 |    13 |    25 |    10 ||    50
   Cast: Magic Dart        |    83 |    11 |   167 |    33 ||   294
         Searing Ray       |     2 |    15 |    68 |    15 ||   100
         Iskenderun's Myst |       |       |     1 |    32 ||    33
         Freezing Cloud    |       |       |       |    63 ||    63
    Use: Potion            |       |     3 |     7 |     3 ||    13
         Scroll            |       |       |       |     3 ||     3
 Armour: Robe              |     8 |    21 |    43 |    16 ||    88
         Skin              |       |       |    19 |       ||    19
  Dodge: Dodged            |    16 |    28 |   138 |    50 ||   232
